Map: Acropolis LE

Players

harlock - Winner!

  • Race: Protoss Protoss
  • League: Platinum
  • Spawn Location: 11:00

Parkkatz

  • Race: Zerg Zerg
  • League: Platinum
  • Spawn Location: 5:00

VOD

Have the link to the VOD?

Description

Time

  • Played on: June 29, 2019, 7:37 p.m.
  • Length: 15:48
Show
View Real Time Build Order
Export as new Build Order

harlock Protoss - Winner!

Build Orders: Chargelot Immortal 

Get SALT Encoding   

  12  0:02  Probe  
  13  0:14  Probe  
  13  0:20  Pylon  
  14  0:26  Probe  
  15  0:38  Probe  
  16  0:43  Gateway  
  16  0:51  Probe  
  17  1:02  Gateway  
  17  1:03  Probe  
  18  1:15  Probe  
  19  1:24  Assimilator  
  19  1:27  Probe  
  19  1:31  Cybernetics Core  
  19  1:32  Pylon  
  20  1:35  Pylon  
  20  1:39  Probe  
  21  1:52  Probe  
  22  2:00  Warp Gate  
  22  2:07  Nexus  
  22  2:10  Probe  
  23  2:16  Assimilator  
  23  2:25  Zealot  
  25  2:30  Zealot  
  25  2:34  Probe  
  28  2:54  Robotics Facility  
  28  2:57  Pylon  
  28  2:58  Zealot  
  30  3:33  Probe x2  
  32  3:43  Observer  
  32  3:45  Probe x2  
  32  3:46  Gateway  
  32  3:47  Gateway  
  35  3:49  Pylon  
  35  3:54  Twilight Council  
  35  3:57  Probe x2  
  35  3:58  Pylon  
  37  4:09  Probe x2  
  39  4:16  Stalker x2  
  43  4:21  Probe  
  43  4:22  Probe  
  45  4:40  Stalker x2  
  45  4:43  Immortal  
  53  4:46  Probe  
  53  4:47  Probe  
  55  4:56  Charge  
  55  4:59  Probe x2  
  57  5:03  Sentry  
  57  5:06  Zealot  
  61  5:13  Probe x2  
  63  5:18  Zealot, Assimilator  
  63  5:19  Zealot  
  63  5:21  Assimilator  
  67  5:22  Observer  
  67  5:27  Stalker  
  70  5:29  Probe x2  
  72  5:42  Immortal  
  72  5:43  Pylon  
  72  5:48  Stalker  
  78  5:59  Pylon  
  78  6:03  Forge  
  78  6:05  Forge  
  78  6:07  Pylon  
  78  6:13  Immortal  
  78  6:22  Probe x2  
  84  6:36  Blink  
  84  6:42  Protoss Ground Weapons Level 1, Protoss Ground Armor Level 1  
  84  6:50  Sentry x2  
  84  6:52  Stalker x2  
  92  7:02  Pylon  
  92  7:05  Pylon  
  92  7:07  Pylon  
  92  7:10  Pylon  
  92  7:17  Probe x2  
  92  7:21  Immortal  
  98  7:29  Nexus  
  98  7:32  Zealot x3  
  104  7:57  Immortal  
  104  8:09  Pylon  
  104  8:11  Pylon  
  108  8:20  Pylon  
  108  8:24  Probe x2  
  110  8:33  Pylon  
  110  8:36  Immortal  
  114  8:43  Probe x2  
  116  8:59  Templar Archives  
  116  9:06  Protoss Ground Armor Level 2, Protoss Ground Weapons Level 2  
  116  9:10  Observer  
  116  9:14  Stalker  
  116  9:16  Sentry x2  
  123  9:27  Immortal, Assimilator  
  123  9:30  Assimilator  
  123  9:34  Photon Cannon  
  123  9:36  Photon Cannon  
  123  9:38  Photon Cannon  
  127  9:40  Photon Cannon  
  127  9:46  Photon Cannon  
  127  9:47  High Templar x3  
  127  9:48  High Templar, Photon Cannon  
  127  9:50  Photon Cannon  
  134  9:53  Shield Battery  
  134  9:55  Shield Battery  
  102  10:21  Zealot x4  
  80  10:42  Stalker x4  
  88  11:09  Zealot x4  
  82  11:29  Zealot, Immortal  
  82  11:30  Zealot x3  
  87  11:34  Psionic Storm  
  91  11:47  Protoss Ground Weapons Level 3  
  91  11:48  Protoss Ground Armor Level 3  
  91  12:07  Zealot  
  91  12:08  Zealot x3, Immortal  
  103  12:12  Probe x2  
  103  12:13  Probe  
  105  12:20  Probe x2  
  105  12:21  Probe  
  106  12:28  High Templar  
  106  12:29  High Templar, Probe x2  
  113  12:30  Probe  
  116  12:38  Zealot x2  
  116  12:41  Probe x2  
  116  12:42  Probe  
  116  12:43  Gateway  
  123  12:47  Gateway  
  123  12:49  Gateway  
  123  12:52  Photon Cannon  
  123  12:55  Photon Cannon  
  123  12:56  Photon Cannon  
  123  13:00  High Templar x2  
  127  13:06  Immortal  
  127  13:12  Stalker x2  
  135  13:25  Nexus  
  127  13:41  Observer  
  102  13:44  Zealot  
  102  13:45  Zealot x5  
  110  13:51  Observer  
  111  14:09  Immortal  
  111  14:10  Zealot x6  
  111  14:11  Zealot  
  107  14:53  Zealot x5  
  97  15:42  Zealot x4  
  103  15:43  Zealot x2  
Show
View Real Time Build Order
Export as new Build Order

Parkkatz Zerg 

Build Orders: Hatch First 

Get SALT Encoding   

  12  0:01  Drone  
  13  0:13  Overlord  
  13  0:19  Drone  
  14  0:32  Drone x2  
  16  0:36  Drone  
  17  0:57  Hatchery  
  17  0:58  Drone  
  17  1:12  Drone, Spawning Pool  
  17  1:26  Drone x2, Extractor  
  18  1:33  Drone  
  19  1:40  Overlord  
  19  1:53  Drone  
  20  2:01  Queen  
  20  2:04  Zergling x2  
  23  2:08  Queen  
  23  2:10  Drone  
  23  2:12  Drone  
  27  2:20  Drone  
  28  2:25  Zergling x2  
  29  2:34  Drone x2  
  31  2:38  Metabolic Boost  
  31  2:43  Drone  
  32  2:44  Queen  
  32  2:48  Overlord  
  34  2:52  Drone  
  35  3:03  Drone  
  36  3:08  Drone x2  
  37  3:29  Drone x4  
  40  3:34  Extractor  
  40  3:35  Drone  
  40  3:37  Drone x3  
  40  3:38  Extractor  
  42  3:54  Hatchery  
  41  3:59  Roach Warren  
  40  4:03  Evolution Chamber  
  40  4:05  Queen  
  40  4:06  Drone x2, Overlord  
  43  4:13  Drone  
  43  4:15  Overlord  
  43  4:16  Overlord  
  44  4:17  Overlord  
  44  4:25  Drone x2  
  44  4:26  Drone  
  44  4:27  Drone x2  
  44  4:29  Zerg Missile Weapons Level 1  
  49  4:32  Overlord  
  49  4:52  Drone x2  
  51  4:54  Spore Crawler  
  51  4:55  Spore Crawler  
  51  4:57  Lair  
  49  5:04  Drone x4  
  49  5:05  Roach x3  
  59  5:15  Drone x4  
  59  5:18  Queen  
  59  5:21  Queen  
  67  5:25  Roach x2  
  67  5:26  Roach  
  73  5:29  Drone  
  73  5:35  Roach x4  
  82  5:45  Overlord x2  
  82  5:46  Overlord  
  82  5:47  Overlord  
  82  5:57  Glial Reconstitution  
  82  6:02  Overlord x2, Evolution Chamber  
  81  6:05  Drone  
  81  6:06  Drone  
  81  6:07  Roach x2  
  81  6:08  Roach x3  
  93  6:17  Drone  
  93  6:18  Drone  
  95  6:24  Ravager  
  95  6:25  Ravager x3  
  99  6:28  Zergling x16  
  107  6:35  Extractor  
  107  6:36  Drone x2  
  107  6:37  Drone  
  109  6:47  Baneling Nest  
  109  6:51  Zerg Missile Weapons Level 2  
  108  7:10  Roach  
  108  7:11  Roach x6  
  108  7:12  Roach x4  
  130  7:28  Extractor  
  121  7:30  Extractor  
  121  7:31  Roach  
  121  7:32  Roach x4  
  130  7:37  Zerg Ground Armor Level 1  
  130  7:53  Overlord x3  
  130  7:54  Overlord  
  130  8:11  Roach x8  
  130  8:12  Roach x8  
  162  8:15  Hatchery, Ravager  
  162  8:32  Overlord x3  
  162  8:33  Overseer x2  
  162  8:36  Pneumatized Carapace  
  162  8:54  Infestation Pit  
  161  8:57  Overseer  
  161  9:01  Drone  
  161  9:02  Drone x4  
  166  9:04  Drone x3  
  169  9:25  Zerg Melee Weapons Level 1  
  169  9:29  Overlord  
  169  9:32  Hive  
  139  10:18  Zergling x32  
  139  10:19  Zergling x30  
  107  10:37  Zergling x2  
  107  10:38  Zergling x10  
  107  10:53  Spire  
  107  10:55  Ultralisk Cavern  
  87  11:12  Zerg Missile Weapons Level 3  
  87  11:14  Drone x3  
  80  11:18  Roach  
  80  11:19  Roach x11  
  98  11:31  Infestor x3  
  98  11:32  Infestor  
  105  11:38  Roach x3  
  109  11:46  Queen  
  109  11:49  Drone x5  
  109  11:50  Drone  
  109  11:51  Roach  
  109  11:52  Roach x2  
  123  11:54  Ravager x2  
  123  11:55  Ravager x5  
  123  11:56  Zergling x6  
  123  11:59  Chitinous Plating  
  133  12:02  Ultralisk  
  133  12:07  Greater Spire  
  139  12:11  Zergling x2  
  139  12:12  Zergling x18  
  149  12:17  Overseer  
  149  12:19  Zergling x4  
  149  12:20  Zergling x8  
  155  12:28  Drone x2  
  157  12:31  Extractor x2  
  155  12:39  Baneling x6  
  155  12:42  Baneling x4  
  155  12:44  Mutalisk x6  
  167  12:52  Drone x3  
  167  12:53  Drone x3, Overlord x3  
  167  12:54  Overlord  
  173  13:06  Zerg Ground Armor Level 2  
  173  13:27  Ultralisk  
  179  13:28  Ultralisk  
  166  13:40  Zergling x24  
  166  13:41  Zergling x26  
  132  13:48  Adrenal Glands  
  122  13:54  Hydralisk Den  
  122  13:55  Ultralisk  
  127  14:01  Baneling x2  
  127  14:02  Baneling x7  
  127  14:03  Baneling  
  117  14:17  Zergling x2  
  117  14:18  Zergling x34  
  117  14:19  Zergling x2  
  117  14:22  Zergling x4  
  111  14:27  Ultralisk  
  111  14:28  Ultralisk  
  123  14:33  Zergling x8  
  123  14:34  Zergling x4  
  127  14:42  Baneling x11  
  127  14:43  Baneling x4  
  119  15:11  Zergling x4  
  119  15:12  Zergling x18  
  93  15:25  Zergling x2  
  93  15:26  Zergling x10  
Tags
 
Add a new tag
Caveats
  • Supply blocks, unpowered buildings, or Contaminate may cause inaccurate times.
  • Supply counts are checked every 10 seconds.